General information
- name: BNet
- type: Ladder team game (AT/RT)
- host: Battle.net
- saver: PanicSwitch
map: MarketSquare
- players: 8
- length: 26:50
- speed: Fast
- version: 1.27 W3XP
- replay type: Public
» download(148 KB)
Players
team 1 (loser)

»
cngo.kosarz (
yellow | 75 APM | 1996 actions | 26:39)
7 Death Knight
3 Death Coil
3 Unholy Aura
1 Animate Dead
» actions
| Assign group hotkey | 20 | |
| Basic commands | 11 | |
| Build / train | 78 | |
| Enter build submenu | 23 | |
| Enter hero's abilities submenu | 7 | |
| Remove unit from queue | 2 | |
| Right click | 745 | |
| Select / deselect | 249 | |
| Select group hotkey | 774 | |
| Use ability | 87 | |
1996 total
» units
| Acolyte | 15 | |
| Ghoul | 12 | |
| Frost Wyrm | 12 | |
| Crypt Fiend | 4 | |
43 total
» upgrades
| Creature Attack | 1 | |
| Creature Carapace | 2 | |
| Web | 1 | |
| Freezing Breath | 1 | |
5 total
» buildings
| Altar of Darkness | 1 | |
| Ziggurat | 9 | |
| Crypt | 1 | |
| Tomb of Relics | 1 | |
| Halls of the Dead | 1 | |
| Nerubian Tower | 1 | |
| Graveyard | 1 | |
| Spirit Tower | 3 | |
| Black Citadel | 1 | |
| Sacrificial Pit | 1 | |
| Boneyard | 2 | |
| Necropolis | 2 | |
24 total
» build order
00:10 Altar of Darkness
00:13 Ziggurat
00:26 Crypt
01:01 Ziggurat
01:36 Tomb of Relics
02:37 Ziggurat
03:20 Halls of the Dead
03:38 Nerubian Tower
03:42 Graveyard
05:20 Spirit Tower
05:21 Spirit Tower
05:22 Ziggurat
06:00 Black Citadel
06:01 Sacrificial Pit
08:07 Ziggurat
08:07 Ziggurat
08:37 Boneyard
08:38 Boneyard
11:33 Necropolis
11:58 Necropolis
13:21 Ziggurat
18:11 Ziggurat
18:13 Ziggurat
19:12 Spirit Tower
» items
| Healing Salve | 1 | |
| Lesser Clarity Potion | 3 | |
| Scroll of Speed | 1 | |
| Potion of Mana | 1 | |
| Scroll of Regeneration | 1 | |
| Scroll of Town Portal | 4 | |
| Scroll of Healing | 1 | |
| Orb of Corruption | 1 | |
13 total
OxOTHuK (
orange | 31 APM | 795 actions | 25:17)
5 Mountain King
3 Storm Bolt
2 Bash
2 Paladin
2 Holy Light
» actions
| Basic commands | 3 | |
| Build / train | 65 | |
| Enter build submenu | 21 | |
| Enter hero's abilities submenu | 7 | |
| Right click | 379 | |
| Select / deselect | 257 | |
| Use ability | 63 | |
795 total
» units
| Peasant | 19 | |
| Rifleman | 14 | |
| Priest | 2 | |
| Sorceress | 4 | |
39 total
» upgrades
| Gunpowder | 2 | |
| Lumber Harvesting | 1 | |
| Long Rifles | 1 | |
| Priest Training | 1 | |
| Sorceress Training | 1 | |
6 total
» buildings
| Altar of Kings | 1 | |
| Farm | 9 | |
| Blacksmith | 1 | |
| Lumber Mill | 1 | |
| Barracks | 2 | |
| Arcane Vault | 1 | |
| Keep | 1 | |
| Arcane Sanctum | 2 | |
| Town Hall | 3 | |
| Scout Tower | 3 | |
| Castle | 1 | |
| Guard Tower | 1 | |
26 total
» build order
00:08 Altar of Kings
00:10 Farm
00:57 Blacksmith
01:16 Lumber Mill
01:42 Farm
01:58 Barracks
02:13 Farm
02:15 Farm
02:32 Barracks
03:22 Arcane Vault
03:29 Farm
03:30 Farm
05:04 Farm
07:32 Keep
10:10 Farm
10:16 Arcane Sanctum
10:30 Arcane Sanctum
12:42 Farm
14:31 Town Hall
18:30 Scout Tower
18:44 Scout Tower
18:46 Scout Tower
19:20 Castle
19:23 Guard Tower
22:33 Town Hall
23:58 Town Hall
» items
| Scroll of Regeneration | 5 | |
| Lesser Clarity Potion | 2 | |
7 total

»
xtro (
red | 40 APM | 1079 actions | 26:49)
5 Blademaster
3 Wind Walk
1 Critical Strike
1 Mirror Image
3 Shadow Hunter
2 Healing Wave
1 Hex
» actions
| Build / train | 86 | |
| Enter build submenu | 15 | |
| Enter hero's abilities submenu | 8 | |
| Give item / drop item | 1 | |
| Right click | 484 | |
| Select / deselect | 376 | |
| Use ability | 109 | |
1079 total
» units
| Peon | 14 | |
| Grunt | 6 | |
| Wind Rider | 3 | |
| Troll Batrider | 24 | |
47 total
» upgrades
| Armor | 1 | |
| Melee Weapons | 1 | |
| Ranged Weapons | 1 | |
| Liquid Fire | 1 | |
4 total
» buildings
| Altar of Storms | 1 | |
| Orc Burrow | 7 | |
| Voodoo Lounge | 1 | |
| Barracks | 1 | |
| War Mill | 1 | |
| Stronghold | 1 | |
| Beastiary | 3 | |
| Great Hall | 1 | |
| Fortress | 1 | |
17 total
» build order
00:09 Altar of Storms
00:14 Orc Burrow
00:39 Voodoo Lounge
01:38 Orc Burrow
01:45 Barracks
02:43 War Mill
04:35 Stronghold
04:39 Orc Burrow
07:23 Beastiary
07:25 Beastiary
08:18 Orc Burrow
09:16 Orc Burrow
10:56 Orc Burrow
15:13 Great Hall
19:26 Fortress
20:10 Beastiary
22:42 Orc Burrow
» items
| Healing Salve | 3 | |
| Lesser Clarity Potion | 5 | |
| Scroll of Speed | 4 | |
| Circlet of Nobility | 1 | |
| Scroll of Town Portal | 4 | |
| Orb of Lightning | 1 | |
| Potion of Healing | 4 | |
22 total
PanicSwitch (
pink | 6 APM | 162 actions | 26:49)
» actions
| Basic commands | 6 | |
| Build / train | 9 | |
| Enter build submenu | 10 | |
| Right click | 72 | |
| Select / deselect | 54 | |
| Use ability | 11 | |
162 total
» units
» buildings
| Tree of Life | 2 | |
| Hunter's Hall | 2 | |
| Ancient Protector | 3 | |
7 total
» build order
16:24 Tree of Life
19:00 Hunter's Hall
20:41 Tree of Life
24:47 Hunter's Hall
26:17 Ancient Protector
26:19 Ancient Protector
26:20 Ancient Protector
team 2 (winner)
nolove (
purple | 61 APM | 1630 actions | 26:49)
7 Archmage
3 Summon Water Elemental
3 Brilliance Aura
1 Mass Teleport
» actions
| Assign group hotkey | 28 | |
| Basic commands | 164 | |
| Build / train | 101 | |
| ESC pressed | 2 | |
| Enter build submenu | 41 | |
| Enter hero's abilities submenu | 7 | |
| Give item / drop item | 1 | |
| Right click | 550 | |
| Select / deselect | 356 | |
| Select group hotkey | 267 | |
| Use ability | 113 | |
1630 total
» units
| Peasant | 30 | |
| Footman | 13 | |
| Gryphon Rider | 7 | |
| Acolyte | 1 | |
| Ghoul | 2 | |
| Dragonhawk Rider | 2 | |
| Forest Troll High Priest | 1 | |
56 total
» upgrades
| Lumber Harvesting | 2 | |
| Masonry | 3 | |
| Swords | 3 | |
| Armor | 3 | |
| Storm Hammers | 1 | |
| Animal War Training | 1 | |
| Cloud | 1 | |
| Plating | 1 | |
| Gunpowder | 1 | |
16 total
» buildings
| Farm | 11 | |
| Altar of Kings | 1 | |
| Barracks | 2 | |
| Lumber Mill | 1 | |
| Town Hall | 2 | |
| Scout Tower | 16 | |
| Arcane Tower | 1 | |
| Keep | 1 | |
| Blacksmith | 1 | |
| Guard Tower | 3 | |
| Castle | 1 | |
| Gryphon Aviary | 4 | |
| Arcane Vault | 1 | |
| Sacrificial Pit | 1 | |
46 total
» build order
00:22 Farm
00:36 Altar of Kings
00:50 Barracks
00:55 Barracks
01:02 Farm
01:43 Lumber Mill
01:59 Farm
03:24 Farm
03:47 Town Hall
03:54 Scout Tower
04:11 Arcane Tower
04:55 Scout Tower
04:56 Scout Tower
04:57 Scout Tower
05:32 Keep
06:24 Blacksmith
06:25 Farm
06:29 Guard Tower
06:31 Scout Tower
06:31 Scout Tower
08:24 Scout Tower
08:25 Scout Tower
08:26 Scout Tower
08:27 Scout Tower
08:27 Scout Tower
09:15 Farm
09:18 Guard Tower
09:22 Castle
09:25 Gryphon Aviary
09:26 Gryphon Aviary
09:26 Gryphon Aviary
09:27 Gryphon Aviary
09:35 Guard Tower
09:37 Farm
09:37 Farm
11:24 Arcane Vault
11:26 Farm
11:27 Farm
12:16 Sacrificial Pit
12:38 Farm
17:45 Scout Tower
18:43 Scout Tower
18:43 Scout Tower
18:44 Scout Tower
18:45 Scout Tower
23:19 Town Hall
» items
| Scroll of Town Portal | 3 | |
| Orb of Fire | 1 | |
| Scroll of Regeneration | 4 | |
8 total

»
youuekpee (
teal | 54 APM | 1439 actions | 26:49)
8 Death Knight
3 Death Coil
3 Unholy Aura
1 Animate Dead
1 Death Pact
8 Dreadlord
3 Vampiric Aura
3 Sleep
1 Inferno
1 Carrion Swarm
» actions
| Assign group hotkey | 38 | |
| Basic commands | 48 | |
| Build / train | 92 | |
| Enter build submenu | 21 | |
| Enter hero's abilities submenu | 18 | |
| Give item / drop item | 2 | |
| Remove unit from queue | 1 | |
| Right click | 450 | |
| Select / deselect | 300 | |
| Select group hotkey | 384 | |
| Use ability | 85 | |
1439 total
» units
| Acolyte | 6 | |
| Ghoul | 3 | |
| Crypt Fiend | 12 | |
| Obsidian Statue | 2 | |
| Frost Wyrm | 6 | |
| Gargoyle | 14 | |
43 total
» upgrades
| Creature Attack | 6 | |
| Web | 2 | |
| Creature Carapace | 6 | |
| Freezing Breath | 1 | |
15 total
» buildings
| Crypt | 2 | |
| Ziggurat | 11 | |
| Altar of Darkness | 1 | |
| Graveyard | 1 | |
| Tomb of Relics | 1 | |
| Nerubian Tower | 1 | |
| Halls of the Dead | 1 | |
| Black Citadel | 2 | |
| Slaughterhouse | 1 | |
| Spirit Tower | 2 | |
| Sacrificial Pit | 1 | |
| Boneyard | 2 | |
| Necropolis | 1 | |
27 total
» build order
00:23 Crypt
00:25 Ziggurat
00:31 Altar of Darkness
00:56 Graveyard
01:10 Ziggurat
01:37 Tomb of Relics
01:47 Nerubian Tower
02:15 Ziggurat
04:09 Halls of the Dead
07:01 Black Citadel
07:35 Slaughterhouse
07:37 Ziggurat
09:22 Spirit Tower
09:25 Sacrificial Pit
09:31 Ziggurat
09:45 Black Citadel
10:35 Boneyard
10:38 Boneyard
11:14 Ziggurat
13:47 Crypt
14:39 Ziggurat
14:41 Ziggurat
14:42 Ziggurat
14:43 Ziggurat
16:08 Spirit Tower
17:52 Ziggurat
24:51 Necropolis
» items
| Rod of Necromancy | 3 | |
| Orb of Corruption | 1 | |
| Scroll of Town Portal | 3 | |
7 total
djsajdajakajdka (
blue | 327 APM | 1465 actions | 04:29)
1 Death Knight
1 Death Coil
» actions
| Assign group hotkey | 18 | |
| Basic commands | 42 | |
| Build / train | 26 | |
| Enter build submenu | 6 | |
| Enter hero's abilities submenu | 1 | |
| Remove unit from queue | 2 | |
| Right click | 425 | |
| Select / deselect | 42 | |
| Select group hotkey | 889 | |
| Use ability | 14 | |
1465 total
» units
| Acolyte | 7 | |
| Ghoul | 2 | |
| Crypt Fiend | 7 | |
16 total
» buildings
| Graveyard | 1 | |
| Crypt | 1 | |
| Altar of Darkness | 1 | |
| Ziggurat | 2 | |
| Tomb of Relics | 1 | |
| Nerubian Tower | 1 | |
| Halls of the Dead | 1 | |
8 total
» build order
00:06 Graveyard
00:07 Crypt
00:44 Altar of Darkness
00:56 Ziggurat
01:25 Tomb of Relics
01:54 Nerubian Tower
02:14 Ziggurat
03:34 Halls of the Dead
03:35 Halls of the Dead
» items
PRO.MOC.JA (
green | 38 APM | 354 actions | 09:12)
1 Pit Lord
1 Rain of Fire
» actions
| Assign group hotkey | 4 | |
| Build / train | 29 | |
| Enter build submenu | 11 | |
| Enter hero's abilities submenu | 1 | |
| Right click | 185 | |
| Select / deselect | 101 | |
| Select group hotkey | 2 | |
| Use ability | 21 | |
354 total
» units
| Peasant | 11 | |
| Footman | 5 | |
| Acolyte | 1 | |
| Rifleman | 2 | |
19 total
» buildings
| Altar of Kings | 1 | |
| Barracks | 1 | |
| Farm | 9 | |
| Scout Tower | 1 | |
| Arcane Tower | 1 | |
| Lumber Mill | 2 | |
| Blacksmith | 1 | |
| Arcane Vault | 1 | |
| Keep | 1 | |
| Spirit Tower | 1 | |
| Halls of the Dead | 1 | |
20 total
» build order
00:10 Altar of Kings
00:17 Barracks
01:14 Farm
01:18 Farm
01:21 Farm
01:23 Farm
01:44 Scout Tower
02:22 Arcane Tower
02:47 Farm
02:48 Farm
02:50 Farm
03:39 Farm
03:40 Farm
03:44 Lumber Mill
03:50 Blacksmith
03:55 Lumber Mill
04:00 Arcane Vault
05:12 Keep
05:26 Spirit Tower
06:16 Halls of the Dead
» items
| Scroll of Regeneration | 1 | |
| Lesser Clarity Potion | 1 | |
| Boots of Speed | 1 | |
| Staff of Teleportation | 1 | |
4 total
Chat log
(00:15 / Allies) cngo.kosarz: 100
(00:16 / Allies) cngo.kosarz: fast
(00:38 / Allies) cngo.kosarz: pink ?
(00:39 / All) cngo.kosarz: sec plz
(00:43 / All) cngo.kosarz: fair?
(00:48 / All) cngo.kosarz: noob
(00:56 / All) cngo.kosarz: please
(00:58 / All) cngo.kosarz: fair
(01:07 / All) djsajdajakajdka: stfu
(01:08 / All) djsajdajakajdka: kid
(01:13 / All) djsajdajakajdka: am not gonnawait
(01:14 / Allies) cngo.kosarz: plz mass
(01:17 / Allies) cngo.kosarz: red orange mass
(01:18 / All) djsajdajakajdka: this is fucking online
(01:21 / All) djsajdajakajdka: idiot
(01:28 / All) djsajdajakajdka: go pee after
(01:29 / Allies) cngo.kosarz: stop plz red?
(01:29 / All) djsajdajakajdka: game
(01:30 / All) djsajdajakajdka: noob
(01:31 / All) djsajdajakajdka: not now
(01:39 / Allies) PanicSwitch: i drain gold, but no share and no build
(01:47 / Allies) cngo.kosarz: feed me plz
(01:50 / Allies) cngo.kosarz: pink
(01:57 / Allies) xtro: no
(02:01 / Allies) xtro: play normal !!!!!!!!!!
(02:02 / Allies) cngo.kosarz: builid?
(02:12 / Allies) cngo.kosarz: pink not play !
(02:17 / Allies) PanicSwitch: i drain gold only
(02:17 / Allies) cngo.kosarz: go
(02:19 / Allies) PanicSwitch: not share
(02:21 / Allies) PanicSwitch: not build
(02:49 / Allies) cngo.kosarz: who u give ?
(04:55 / Allies) xtro: play fucking idiot retard
(05:06 / Allies) cngo.kosarz: 2,5 gold
(05:10 / Allies) cngo.kosarz: tower
(05:11 / Allies) cngo.kosarz: mass
(05:12 / Allies) cngo.kosarz: orc
(05:17 / Allies) cngo.kosarz: we must win 3 player
(05:24 / Allies) PanicSwitch: i drain gold only
(05:25 / Allies) PanicSwitch: i not share
(05:28 / Allies) PanicSwitch: i not build
(05:34 / Allies) cngo.kosarz: gold give pink !
(05:34 / Allies) cngo.kosarz: me
(05:42 / Allies) PanicSwitch: i not share
(05:44 / Allies) PanicSwitch: i not build
(05:51 / Allies) cngo.kosarz: give me gold ?
(05:55 / Allies) PanicSwitch: i not share
(05:57 / Allies) PanicSwitch: i not build
(06:13 / Allies) cngo.kosarz: u not write plz
(06:20 / Allies) PanicSwitch: poland?
(06:32 / Allies) xtro: kurwo
(06:43 / Allies) PanicSwitch: dumb polack
(06:48 / Allies) PanicSwitch: i not share
(06:52 / Allies) PanicSwitch: i not build
(06:53 / Allies) cngo.kosarz: czekaj na mnie
(06:55 / Allies) xtro: you sucker ger
(06:55 / Allies) cngo.kosarz: wjedziemy ostro
(06:58 / Allies) PanicSwitch: polack
(07:10 / Allies) cngo.kosarz: czekaj red
(07:19 / Allies) cngo.kosarz: i na sppedzie wjedziemy w maina ?
(07:31 / Allies) xtro: najpier tower
(07:34 / All) PanicSwitch: polack teamm
(07:34 / Allies) cngo.kosarz: k
(07:37 / Allies) cngo.kosarz: i milita
(07:37 / All) PanicSwitch: i not share i not build
(07:45 / Allies) cngo.kosarz: speed
(07:57 / Allies) cngo.kosarz: spped ?
(08:14 / Allies) cngo.kosarz: git
(08:17 / Allies) PanicSwitch: who want gold?
(08:23 / Allies) cngo.kosarz: give me !
(08:28 / Allies) PanicSwitch: too bad i not share
(08:45 / Allies) cngo.kosarz: maina ?
(08:54 / Allies) cngo.kosarz: to mamy 3v3
(08:56 / Allies) xtro: omg 3v4
(09:27 / Allies) cngo.kosarz: towers
(09:30 / Allies) cngo.kosarz: exp
(09:37 / Allies) PanicSwitch: 5000 gold if u admit germany is better than poland
(09:44 / Allies) cngo.kosarz: ok shat up
(09:52 / Allies) xtro: germany sucks
(09:54 / Allies) xtro: hahah
(09:56 / Allies) xtro: why
(09:57 / All) cngo.kosarz: hitlers...
(10:01 / Allies) PanicSwitch: poland worst in euro
(10:09 / Allies) xtro: they have problem for islam ?
(10:09 / Allies) PanicSwitch: hitler did nothing wrong
(10:15 / Allies) xtro: becouse they are idiot
(10:26 / Allies) PanicSwitch: bring back hitler spirit
(10:27 / Allies) cngo.kosarz: zajebie chuja
(10:28 / Allies) PanicSwitch: make germany great again
(10:29 / Allies) cngo.kosarz: i postawie maina
(10:37 / Allies) cngo.kosarz: k ?
(10:40 / Allies) xtro: k
(10:49 / Allies) cngo.kosarz: bedzie najlepiej
(10:52 / Allies) PanicSwitch: 6000 gold if u admit hitler should have killed more polacks
(11:03 / Allies) cngo.kosarz: uwazaj
(11:16 / Allies) cngo.kosarz: kill pink
(11:27 / Allies) cngo.kosarz: good
(11:46 / Allies) cngo.kosarz: exp u orange ?
(12:08 / Allies) cngo.kosarz: expa
(12:10 / All) PanicSwitch: base next to orange is free expo
(12:10 / Allies) cngo.kosarz: postaw
(12:12 / All) PanicSwitch: yellow took it
(12:17 / Allies) xtro: nie ma czasu
(12:20 / All) PanicSwitch: yel;low is also taking top right corner expo
(12:27 / All) PanicSwitch: it's building now
(12:41 / All) PanicSwitch: red going wyvern and yellow wyrms
(13:24 / All) PanicSwitch: all polacks this game?
(13:29 / All) PanicSwitch: i can tell because all are noobs
(13:33 / Allies) cngo.kosarz: fast
(13:45 / All) PanicSwitch: they're creep middle
(13:49 / All) PanicSwitch: yellow has 2 expansions now
(13:54 / Allies) cngo.kosarz: who aa ?
(13:59 / Allies) cngo.kosarz: exp orange plz
(14:20 / Allies) cngo.kosarz: postaw exp prosze cie
(15:01 / Allies) cngo.kosarz: sec
(15:20 / All) PanicSwitch: yoou're gonna lose to polacks
(15:25 / All) PanicSwitch: but i suspect u r polacks too
(15:29 / Allies) cngo.kosarz: lecimy gogo
(16:06 / Allies) cngo.kosarz: wood
(16:29 / Allies) cngo.kosarz: air kill
(16:44 / Allies) cngo.kosarz: back
(16:48 / Allies) cngo.kosarz: baty fast
(16:50 / Allies) cngo.kosarz: back
(16:54 / All) PanicSwitch: good job kill the polacks
(17:01 / Allies) PanicSwitch: admit germany is best and u get 5000 gold
(17:20 / Allies) cngo.kosarz: kill
(17:20 / Allies) xtro: wtf
(17:47 / Allies) cngo.kosarz: baty rob
(17:49 / Allies) cngo.kosarz: wal
(17:51 / Allies) xtro: 300 gold ?
(17:56 / Allies) cngo.kosarz: waal1
(18:26 / Allies) cngo.kosarz: ma expa
(18:42 / Allies) cngo.kosarz: kill
(19:36 / Allies) cngo.kosarz: rob tylko baty
(19:38 / Allies) cngo.kosarz: i niszcz
(19:46 / Allies) xtro: tp ?
(19:49 / Allies) cngo.kosarz: nie
(19:54 / Allies) xtro: idziemy na niego
(19:59 / Allies) cngo.kosarz: main
(20:05 / Allies) cngo.kosarz: go
(20:10 / All) PanicSwitch: watch out purple
(20:10 / Allies) cngo.kosarz: wal
(20:11 / All) PanicSwitch: run
(20:12 / All) PanicSwitch: run
(20:12 / All) PanicSwitch: run
(20:14 / All) PanicSwitch: run
(20:15 / All) PanicSwitch: bats
(20:16 / All) PanicSwitch: run
(20:28 / Allies) cngo.kosarz: baty
(20:32 / All) PanicSwitch: o not many bats
(20:38 / Allies) cngo.kosarz: rob kurwa te baty
(20:44 / Allies) cngo.kosarz: tp
(20:57 / All) PanicSwitch: red expansion bottom right corner
(21:27 / Allies) cngo.kosarz: mass batow
(21:54 / Allies) cngo.kosarz: nie lataj po 2 baty
(21:56 / Allies) cngo.kosarz: tylko masą
(21:58 / Allies) cngo.kosarz: masa
(22:02 / Allies) xtro: orange tez pizda
(22:23 / Allies) cngo.kosarz: porane mamy
(22:39 / Allies) PanicSwitch: germany #1
(22:53 / All) PanicSwitch: deutschland uber alles
(22:59 / Allies) OxOTHuK: нахуй иди недоносок ебучий
(23:21 / Allies) cngo.kosarz: wjedziemy razem
(23:28 / Allies) cngo.kosarz: wiecej batow
(23:29 / Allies) cngo.kosarz: rob
(23:36 / Allies) cngo.kosarz: lecimy
(23:38 / Allies) cngo.kosarz: wal
(23:39 / Allies) cngo.kosarz: szybko
(23:48 / Allies) cngo.kosarz: tu
(23:53 / Allies) cngo.kosarz: baty
(23:54 / Allies) cngo.kosarz: kurwa
(23:59 / Allies) cngo.kosarz: noobie!
(24:03 / Allies) cngo.kosarz: wal
(24:05 / Allies) cngo.kosarz: tymi batami
(24:21 / Allies) cngo.kosarz: co tyy odpierdalasz !!!!
(24:31 / Allies) cngo.kosarz: baty
(24:35 / Allies) cngo.kosarz: greasz czy spisz !?
(24:48 / Allies) cngo.kosarz: przez to mamy lose
(24:57 / All) cngo.kosarz: gg
(25:00 / All) cngo.kosarz: 3v4
(25:06 / All) PanicSwitch: gg noob polacks on my team
(25:16 / Allies) xtro: pink tk list sucker
(25:21 / All) cngo.kosarz: sorry germanisthitler play ...
(25:50 / Allies) cngo.kosarz: go